 Dungeon Crawl Stone Soup version 0.20.1-1-g8b1a95d (webtiles) character file.

93 KnobCreek the Grave Robber (level 4, -10/30 HPs)
             Began as a Mummy Necromancer on July 21, 2017.
             Mangled by peteyfrogboy's ghost (13 damage)
             ... on level 3 of the Dungeon.
             The game lasted 00:09:02 (3037 turns).

KnobCreek the Grave Robber (Mummy Necromancer)      Turns: 3037, Time: 00:09:02

Health: -10/30     AC:  3    Str: 11    XL:     4   Next: 37%
Magic:  10/10      EV: 12    Int: 15    God:
Gold:   113        SH:  0    Dex: 12    Spells: 10/12 levels left

rFire    x . .     SeeInvis .   h - +0 spear
rCold    + . .     Gourm    .   (no shield)
rNeg     + + +     Faith    .   a - +1 robe
rPois    ∞         Spirit   .   (no helmet)
rElec    .         Reflect  .   (no cloak)
rCorr    .         Harm     .   (no gloves)
MR       .....                  (no boots)
Stlth    ++........             (no amulet)
Regen    0.1/turn               (no ring)
MPRegen  0.2/turn               (no ring)

@: no status effects
A: no food or potions, fire vulnerability, cold resistance 1, negative energy
resistance 3, torment resistance, unbreathing
a: no special abilities


You were on level 3 of the Dungeon.
You were not hungry.

You visited 1 branch of the dungeon, and saw 3 of its levels.

You collected 113 gold pieces.

Inventory:

Hand Weapons
 f - a +0 hand axe
 h - a +0 spear (weapon)
Missiles
 d - 103 stones (quivered)
Armour
 a - a +1 robe (worn)
Wands
 e - a wand of lightning (8/15)
Scrolls
 c - 3 scrolls of magic mapping
 g - 2 scrolls of enchant weapon
 i - 2 scrolls of identify
 j - a scroll of blinking {unknown}
Books
 b - a book of Necromancy

   Spells                             Type                      Level
   a - Pain                           Necromancy                   1
   b - Animate Skeleton               Necromancy                   1
   c - Vampiric Draining              Necromancy                   3
   d - Regeneration                   Charms/Necromancy            3
   e - Animate Dead                   Necromancy                   4
   f - Control Undead                 Necromancy                   4


   Skills:
 - Level 0.4 Axes
 - Level 1.5 Dodging
 - Level 1.5 Stealth
 * Level 4.6 Spellcasting
 + Level 4.8 Necromancy


You had 10 spell levels left.
You knew the following spells:

 Your Spells              Type           Power        Failure   Level  Hunger
a - Pain                  Necr           ###.         2%          1    N/A
b - Animate Skeleton      Necr           N/A          2%          1    N/A

Dungeon Overview and Level Annotations

Branches:
Dungeon (3/15)

Altars:

Annotations:
D:3 peteyfrogboy's ghost, amateur GrFi


Innate Abilities, Weirdness & Mutations

You do not eat or drink.
Your flesh is vulnerable to fire.
You are immune to poison.
Your flesh is cold resistant. (rC+)
You are immune to negative energy. (rN+++)
You are immune to unholy pain and torment.
You can survive without breathing.


Message History

The iguana bites you but does no damage.
Found a bubbling silvery potion.
A leopard gecko comes into view.
The leopard gecko hisses angrily.
The iguana bites you but does no damage.
Your leopard gecko skeleton closely misses the iguana.
The leopard gecko barely misses your quokka skeleton.
The leopard gecko bites your quokka skeleton.
The leopard gecko hisses menacingly.
You open the door. The iguana bites you.
* * * LOW HITPOINT WARNING * * *
Your leopard gecko skeleton closely misses the iguana.
Peteyfrogboy's ghost (amateur Gargoyle Fighter) comes into view.
The leopard gecko bites your quokka skeleton.
Your quokka skeleton is destroyed!
There is an open door here.
Peteyfrogboy's ghost barely misses you.
There is a stone staircase leading up here.
The iguana barely misses you. Peteyfrogboy's ghost hits you!
You die...

#...........#!#....!........
#!..........#.#.##Z##.#.....
#...........#Z..#..Z........
##.....)...##########......#
#.........'..l.............
#........l###########.....#
#.........Z....# ......
#.........l###.# ...#..
#.........@# ...'..
#........W..# ...#..
#............# ...#..
#.#..........# #..........#
#..........# #..........#
...#########


You could see an iguana, peteyfrogboy's ghost, a leopard gecko and a friendly
leopard gecko skeleton.

Vanquished Creatures
  5 adders
  A worm (D:2)
  4 dart slugs
  A leopard gecko (D:3)
  3 goblins
  6 hobgoblins
  2 jackals (D:3)
  3 quokkas
  2 ball pythons
  A bat (D:2)
  5 kobolds
  6 rats
39 creatures vanquished.

Vanquished Creatures (collateral kills)
  A dart slug (D:1)
1 creature vanquished.

Grand Total: 40 creatures vanquished

Notes
Turn   | Place    | Note
-------+----------+-------------------------------------------
     0 | D:1      | KnobCreek the Mummy Necromancer began the quest for the Orb.
     0 | D:1      | Reached XP level 1. HP: 13/13 MP: 4/4
   203 | D:1      | Learned a level 1 spell: Animate Skeleton
   477 | D:1      | Reached XP level 2. HP: 17/19 MP: 0/5
  1822 | D:2      | Reached XP level 3. HP: 20/24 MP: 4/8
  2419 | D:3      | Reached XP level 4. HP: 19/30 MP: 5/10
  3032 | D:3      | Noticed peteyfrogboy's ghost (amateur GrFi)
  3037 | D:3      | Mangled by peteyfrogboy's ghost

Skill      XL: |  1  2  3 |
---------------+----------+-----
Spellcasting   | 3 4 |  4.6
Axes           | |  0.4
Dodging        | |  1.5
Stealth        | |  1.5
Necromancy     | |  4.8

Action                   |  1- 3 |  4- 6 || total
-------------------------+-------+-------++-------
Melee: Hand axe          |    11 |       ||    11
       Spear             |     9 |     8 ||    17
Throw: Stone             |     2 |       ||     2
 Cast: Pain              |    64 |    21 ||    85
       Animate Skeleton  |     9 |     4 ||    13
  Use: Scroll            |     6 |       ||     6
 Stab: Sleeping          |     1 |       ||     1
Armor: Robe              |     8 |     6 ||    14
Dodge: Dodged            |    23 |    14 ||    37
